Map: Graystone Ravine

Players

Paper - Winner!

  • Race: Terran Terran
  • Spawn Location: 11:00

SilentStorm - Winner!

  • Race: Terran Terran
  • Spawn Location: 9:00

Gracz

  • Race: Terran Terran
  • Spawn Location: 3:00

Klimo

  • Race: Protoss Protoss
  • Spawn Location: 5:00

VOD

Have the link to the VOD?

Description

Time

  • Played on: April 29, 2016, 3:10 p.m.
  • Length: 9:18
Show
View Real Time Build Order
Export as new Build Order

Paper Terran - Winner!

Build Orders:  

Get SALT Encoding   

  12  0:01  SCV  
  13  0:13  SCV  
  14  0:18  Supply Depot  
  14  0:25  SCV  
  15  0:40  SCV  
  15  0:41  Barracks  
  16  0:45  Refinery  
  16  0:52  SCV  
  17  1:03  Refinery  
  18  1:04  SCV  
  18  1:16  SCV  
  19  1:29  Orbital Command  
  19  1:30  Reaper  
  19  1:32  Supply Depot  
  20  1:42  Bunker  
  20  1:55  SCV  
  20  1:57  Factory  
  21  2:02  Reaper  
  21  2:08  SCV  
  23  2:15  Bunker  
  23  2:21  SCV  
  24  2:42  Factory Reactor, Starport  
  24  2:44  SCV  
  24  2:45  Reaper  
  26  3:06  SCV  
  27  3:14  Command Center  
  27  3:26  Marine  
  26  3:55  Supply Depot  
  26  3:56  Supply Depot x2  
  25  4:17  Widow Mine  
  21  4:46  Barracks  
  21  4:47  Barracks x2  
  21  4:50  Widow Mine  
  23  4:54  Starport  
  23  5:09  SCV  
  24  5:24  Barracks  
  22  5:50  Marine x3  
  23  6:00  SCV  
  24  6:06  Medivac  
  24  6:07  Medivac  
  28  6:27  SCV  
  28  6:29  Orbital Command  
  29  6:41  SCV  
  29  6:44  Marine x3  
  32  6:47  Widow Mine  
  32  6:49  Medivac  
  32  6:53  SCV  
  37  7:00  Supply Depot  
  37  7:01  SCV  
  38  7:02  Marine, Engineering Bay  
  38  7:05  SCV  
  40  7:14  Barracks Tech Lab  
  40  7:17  Barracks  
  40  7:21  SCV x2  
  40  7:22  Marine x2  
  44  7:31  Missile Turret  
  44  7:32  Refinery  
  42  7:40  Marine x2  
  44  7:49  Marine  
  45  7:56  Supply Depot  
  45  7:57  Medivac, Supply Depot  
  45  7:58  Marine x2  
  50  7:59  Supply Depot  
  49  8:07  Marine  
  49  8:11  Marine  
  51  8:16  Marine x2  
  53  8:25  Marine  
  54  8:27  Widow Mine  
  54  8:29  Marine  
  54  8:33  Marine  
  54  8:34  Marine  
  59  8:40  Medivac  
  61  8:42  Marine, SCV  
  61  8:47  Marine  
Show
View Real Time Build Order
Export as new Build Order

SilentStorm Terran - Winner!

Build Orders:  

Get SALT Encoding   

  12  0:01  SCV  
  13  0:15  SCV  
  13  0:20  Supply Depot  
  14  0:29  SCV  
  15  0:41  SCV  
  16  0:43  Barracks  
  16  0:47  Refinery  
  16  1:03  SCV  
  17  1:07  Barracks  
  17  1:14  Refinery  
  17  1:17  SCV  
  18  1:30  SCV  
  18  1:31  Supply Depot, Reaper  
  20  1:45  SCV  
  21  1:56  Reaper  
  22  2:03  Barracks  
  22  2:06  Reaper  
  23  2:12  Orbital Command  
  23  2:39  Reaper x2  
  25  3:04  Barracks Reactor  
  25  3:06  Command Center  
  25  3:09  Supply Depot  
  25  3:28  Marine  
  25  3:29  Marine  
  27  3:46  Marine  
  28  3:55  Marine x3  
  28  4:13  Marine x2, SCV  
  28  4:15  Supply Depot  
  28  4:16  Marine  
  32  4:25  SCV  
  33  4:34  Marine  
  32  5:17  Marine x2  
  33  5:42  Marine  
  33  5:43  Marine x3  
  37  6:00  Marine x2  
  37  6:01  Marine x2  
  41  6:18  Marine x3  
  35  6:43  Marine x2  
  35  6:47  Marine x2  
  35  6:49  Orbital Command  
  35  6:50  SCV  
  35  6:53  Supply Depot  
  38  6:59  Barracks  
  38  7:01  Marine x2  
  39  7:02  SCV  
  43  7:09  Orbital Command  
  43  7:11  Barracks Reactor  
  43  7:13  Barracks Reactor  
  43  7:14  SCV  
  42  7:18  Marine  
  43  7:26  SCV  
  43  7:28  Bunker  
  44  7:38  SCV  
  44  7:39  Marine  
  44  7:40  Bunker, Marine  
  44  7:52  Marine x2  
  44  7:53  Marine x2  
  44  7:54  Barracks Reactor  
  44  7:57  Marine x2  
  44  7:58  Engineering Bay  
  49  8:04  Barracks  
  49  8:05  Barracks  
  49  8:08  SCV  
  49  8:10  Marine x2, SCV  
  49  8:11  Marine x2  
  55  8:15  Marine x2  
  57  8:20  Refinery  
  57  8:21  Refinery, SCV  
  57  8:22  SCV  
  59  8:33  SCV  
  60  8:34  SCV  
  60  8:38  Marine  
  60  8:39  Marine x7  
  69  8:45  SCV  
  74  9:02  SCV x2  
  74  9:03  Supply Depot  
  74  9:04  Barracks Tech Lab  
  74  9:05  Barracks Tech Lab  
Show
View Real Time Build Order
Export as new Build Order

Gracz Terran 

Build Orders:  

Get SALT Encoding   

  12  0:06  SCV  
  13  0:18  Refinery, SCV  
  14  0:30  SCV  
  15  0:57  Supply Depot  
  15  1:19  SCV  
  15  1:24  Barracks x2  
  16  1:31  SCV  
  17  1:33  Barracks  
  17  1:43  SCV  
  18  1:53  Supply Depot  
  18  2:25  Marine  
  18  2:26  Marine x2  
  21  2:43  Marine  
  21  2:44  Marine x2  
  24  3:01  Marine x3  
  27  3:19  Reaper x2  
  25  3:20  Reaper  
  15  3:51  Reaper  
  3  4:48  Reaper  
  3  4:49  Reaper x2  
  6  5:20  Marine x3  
  9  5:38  Marine x2  
  2  8:02  Marine  
  3  8:29  SCV  
Show
View Real Time Build Order
Export as new Build Order

Klimo Protoss 

Build Orders: 1 Gate Expand 

Get SALT Encoding   

  12  0:01  Probe (Chrono Boost)  
  13  0:12  Probe (Chrono Boost)  
  14  0:23  Pylon  
  14  0:24  Probe (Chrono Boost)  
  15  0:41  Probe (Chrono Boost)  
  16  0:44  Gateway  
  16  0:51  Probe (Chrono Boost)  
  18  1:04  Probe (Chrono Boost)  
  18  1:17  Nexus  
  18  1:25  Assimilator  
  18  1:28  Assimilator  
  18  1:29  Probe (Chrono Boost)  
  19  1:41  Cybernetics Core  
  19  1:44  Probe (Chrono Boost)  
  20  2:06  Probe (Chrono Boost)  
  21  2:12  Assimilator  
  21  2:15  Assimilator  
  21  2:24  Mothership Core (Chrono Boost)  
  23  2:30  Pylon  
  17  3:02  Stalker  
  17  3:11  Pylon  
  15  3:13  Probe (Chrono Boost)  
  14  3:23  Probe (Chrono Boost)  
  14  3:24  Probe (Chrono Boost)  
  15  3:32  Adept  
  16  3:34  Probe (Chrono Boost)  
  16  3:35  Probe (Chrono Boost)  
  16  3:39  Pylon  
  16  3:40  Pylon  
  17  3:45  Probe (Chrono Boost)  
  13  4:18  Adept  
  15  4:30  Probe (Chrono Boost)  
  16  4:33  Probe (Chrono Boost)  
  15  4:40  Probe (Chrono Boost)  
  16  4:56  Probe (Chrono Boost)  
  14  5:22  Probe (Chrono Boost)  
  15  5:33  Probe (Chrono Boost)  
  12  5:44  Probe (Chrono Boost)  
  12  5:51  Sentry  
  12  5:54  Mothership Core (Chrono Boost)  
  16  6:26  Adept  
  18  6:53  Adept  
  20  7:20  Sentry  
  22  7:47  Sentry  
  24  8:13  Adept  
  22  8:31  Probe (Chrono Boost)  
  23  8:40  Adept  
Tags
 
Add a new tag
Caveats
  • Supply blocks, unpowered buildings, or Contaminate may cause inaccurate times.
  • Supply counts are checked every 10 seconds.